 Dungeon Crawl Stone Soup version 0.28.0-53-g5a82cb258f (webtiles) character file.

Game seed: 6455608208122443383

264 Duralumin the Magician (level 6, -3/42 HPs)
             Began as a Djinni Artificer on June 19, 2022.
             Killed from afar by an orc wizard (9 damage)
             ... with a magic dart
             ... on level 3 of the Dungeon.
             The game lasted 00:14:06 (4776 turns).

Duralumin the Magician (Djinni Artificer)           Turns: 4776, Time: 00:14:06

Health: -3/42      AC:  6    Str: 10 (11) XL:     6   Next: 43%
Gold:   122        EV: 11    Int: 12 (15) God:
                   SH:  0    Dex: 11 (13)

rFire   + + .      SeeInvis .   p - +0 dagger (elec)
rCold   x . .      Faith    .   (no shield)
rNeg    . . .      Spirit   .   b - +0 leather armour
rPois   ∞          Reflect  .   (no helmet)
rElec   .          Harm     .   (no cloak)
rCorr   .          Rampage  .   k - +2 pair of gloves
Will    .....                   (boots unavailable)
Stlth   ++........              (no amulet)
HPRegen 0.14/turn               (no ring)
MPRegen 0.00/turn               (no ring)

@: weak-willed, flying
A: sickness immunity, fire resistance 2, cold vulnerability 1, float, innate
caster, HP casting, extra vitality 1
a: no special abilities


You were on level 3 of the Dungeon.
You visited 1 branch of the dungeon, and saw 4 of its levels.

You collected 137 gold pieces.
You spent 15 gold pieces at shops.

Inventory:

Hand Weapons
 a - a +0 club
 h - a +1 short sword of speed
 p - a +0 dagger of electrocution (weapon)
Missiles
 f - a throwing net
 m - 63 stones
 o - 3 poisoned darts
 r - a curare-tipped dart (quivered)
Armour
 b - a +0 leather armour (worn)
 i - an orb of guile
 k - a +2 pair of gloves (worn)
Wands
 c - a wand of flame (15)
 d - a wand of charming (13)
Scrolls
 g - a scroll of identify
 j - a scroll of holy word
 l - a scroll of vulnerability
 n - a scroll of enchant weapon {unknown}
 q - a scroll of brand weapon {unknown}
Potions
 s - a potion of flight
Miscellaneous
 e - a piece from Xom's chessboard (13/15)


   Skills:
 - Level 1.0 Fighting
 - Level 1.0 Armour
 - Level 2.1 Dodging
 + Level 1.9 Stealth
 + Level 4.1 Spellcasting
 - Level 3.0 Evocations


You had 10 spell levels left.
You knew the following spells:

 Your Spells              Type           Power      Damage    Failure   Level
a - Animate Skeleton      Necr           24%        N/A       5%          1
b - Ensorcelled Hibernat  Hex/Ice        24%        N/A       9%          2
Your spell library was empty.

Dungeon Overview and Level Annotations

Branches:
Dungeon (4/15)
 Temple: D:4-7

Altars:

Shops:
D:3 (


Innate Abilities, Weirdness & Mutations

You are immune to sickness and miasma.
You are immune to poison.
Your flesh is very heat resistant. (rF++)
You are vulnerable to cold. (rC-)
You float through the air rather than walking.
You learn spells naturally, not from books.
Your magical power is your life essence.
You have superior vitality. (+4 MHP)


Message History

Press: ? - help, Shift-Dir - straight line, f/p - orc wizard
Aim: an orc wizard, wielding a +1 dagger of speed and wearing a +0 robe (moderately wounded, chance to affect: 46%)
The orc wizard resists with some effort.
The orc wizard hits you but does no damage. x2
Casting: Ensorcelled Hibernation (safe; 9% risk of failure)
Confirm with . or Enter, or press ? or * to list all spells.
Aiming: Ensorcelled Hibernation (safe; 9% risk of failure)
Press: ? - help, Shift-Dir - straight line, f/p - orc wizard
Aim: an orc wizard, wielding a +1 dagger of speed and wearing a +0 robe (moderately wounded, chance to affect: 46%)
You miscast Ensorcelled Hibernation.
You are very lightly contaminated with residual magic.
Nothing appears to happen.
* * * LOW HITPOINT WARNING * * *
The orc wizard barely misses you.
Casting: Ensorcelled Hibernation (safe; 9% risk of failure)
Confirm with . or Enter, or press ? or * to list all spells.
Aiming: Ensorcelled Hibernation (safe; 9% risk of failure)
Press: ? - help, Shift-Dir - straight line, f/p - orc wizard
Aim: an orc wizard, wielding a +1 dagger of speed and wearing a +0 robe (moderately wounded, chance to affect: 46%)
The orc wizard resists with some effort.
* * * LOW HITPOINT WARNING * * *
The orc wizard closely misses you.
The orc wizard hits you but does no damage.
The orc wizard points at you and mumbles some strange words.
The magic dart hits you.
* * * LOW HITPOINT WARNING * * *
You make a move on Xom's chessboard...
The orc wizard flickers and vanishes!
Deactivating autopickup; reactivate with Ctrl-A.
Okay, then.
As you read the scroll labelled JUODUN ACUNT, it crumbles to dust.
It is a scroll of identify.
j - a scroll of holy word Something hits you but does no damage.
Your magical contamination has completely faded away.
As you read the scroll labelled YLISKE SITUA, it crumbles to dust.
Magic quickly surges around you.
It was a scroll of vulnerability.
You hear some strange, mumbled words.
A magic dart appears from out of thin air!
The magic dart hits you!
You die...

######### #.......#
#.#####.# #.#..##.#
#.#..##.# #.#..##[#
#.#..##.#
###############.#..##>.
#.....@{........#...[..
##.###############.###.
#.# #.............# #.
#.# #.###......#### #.
#.# #..........'..# #.
#.# #####......##'####
#.# #......#...... #.#
#......#...... #.#
########......


There were no monsters in sight!

Vanquished Creatures
  A black bear (D:2)
  4 adders
  4 gnolls
  A worm (D:3)
  An adder skeleton (D:4)
  3 dart slugs
  12 orcs
  4 bats
  2 endoplasms
  3 giant cockroaches
  5 hobgoblins
  5 kobolds
  4 quokkas (D:2)
  8 ball pythons
  A frilled lizard (D:2)
  6 goblins
  A rat (D:1)
65 creatures vanquished.

Vanquished Creatures (collateral kills)
  An adder skeleton (D:4)
  A ball python (D:3)
2 creatures vanquished.

Grand Total: 67 creatures vanquished

Notes
Turn   | Place    | Note
-------+----------+-------------------------------------------
     0 | D:1      | Duralumin the Djinni Artificer began the quest for the Orb.
     0 | D:1      | Reached XP level 1. HP: 17/17 MP: 0/0
   462 | D:1      | Reached skill level 1 in Spellcasting
   462 | D:1      | Reached XP level 2. HP: 19/22 MP: 0/0
  1166 | D:1      | Found a faded altar of an unknown god.
  1266 | D:1      | Reached XP level 3. HP: 26/27 MP: 0/0
  1266 | D:1      | Learned a level 1 spell: Animate Skeleton
  1603 | D:2      | Reached skill level 2 in Spellcasting
  1633 | D:2      | Noticed a black bear
  2077 | D:2      | Reached XP level 4. HP: 29/32 MP: 0/0
  2445 | D:2      | Killed a black bear
  2446 | D:2      | Reached skill level 3 in Spellcasting
  2446 | D:2      | Reached XP level 5. HP: 32/37 MP: 0/0
  2446 | D:2      | Learned a level 2 spell: Ensorcelled Hibernation
  2514 | D:3      | Found Beagriaj's Weapon Shoppe.
  2517 | D:3      | Bought 2 curare-tipped darts for 15 gold pieces
  3052 | D:3      | Reached skill level 1 in Stealth
  3063 | D:3      | Reached XP level 6. HP: 30/42 MP: 0/0
  3675 | D:3      | Reached skill level 4 in Spellcasting
  4391 | D:4      | Noticed an orc warrior
  4776 | D:3      | Killed from afar by an orc wizard

Illustrated notes

Levels and vault maps discovered:
D:1:      minmay_arrival_stair_chambers, layout_loops_corners,
          dilly_ecumenical_altar_fadedgnrine, hangedman_decor_slide_cut,
          grunt_decor_one_mirror
D:2:      layout_loops_ring, grunt_ministairs_15
D:3:      layout_basic, serial_shops, nicolae_shop_statue_plus,
          nicolae_figureground_sparkle
D:4:      layout_layer_cave, minitemple

Skill      XL: |  1  2  3  4  5  6 |
---------------+-------------------+-----
Spellcasting   | 1 2 3 4 |  4.1
Stealth        | 1 |  1.9
Fighting       | |  1.0
Armour         | |  1.0
Dodging        | |  2.1
Evocations     | |  3.0

Action                   |  1- 3 |  4- 6 || total
-------------------------+-------+-------++-------
Melee: Short sword       |    98 |       ||    98
       Club              |     3 |       ||     3
       Dagger            |    10 |   173 ||   183
       Punch             |       |     1 ||     1
Throw: Dart              |       |     4 ||     4
 Cast: Animate Skeleton  |     2 |     5 ||     7
       Ensorcelled Hiber |       |    18 ||    18
Evoke: Piece from Xom's  |       |     5 ||     5
       Wand              |       |     2 ||     2
  Use: Potion            |       |     3 ||     3
       Scroll            |       |     2 ||     2
 Stab: Sleeping          |     2 |     6 ||     8
Armor: Leather armour    |    39 |    66 ||   105
Dodge: Dodged            |    43 |   111 ||   154
